 Dungeon Crawl Stone Soup version 0.30.1-11-g7821555f0a (webtiles) character file.

Game seed: 14114973915558988254

12250 Sheepclothes the Basher (level 11, 0/71 HPs)
             Began as a Gargoyle Monk on Jan 12, 2024.
             Was a Believer of the Shining One.
             Slain by a troll (5 damage)
             ... on level 11 of the Dungeon.
             The game lasted 00:51:43 (13539 turns).

Sheepclothes the Basher (Gargoyle Monk)            Turns: 13539, Time: 00:51:43

Health: 0/71       AC: 20    Str: 19    XL:     11   Next: 90%
Magic:  14/14      EV: 15    Int: 11    God:    the Shining One [**....]
Gold:   553        SH:  0    Dex: 12    Spells: 10/10 levels left

rFire   + . .        a - +0 mace
rCold   + . .        d - orb {light}
rNeg    + + .        k - +0 chain mail
rPois   ∞            (no helmet)
rElec   +            M - scarf {rC+ rF+}
rCorr   .            q - +0 pair of gloves
SInv    .            (no boots)
Will    +....        (no amulet) Stlth
                     J - ring of willpower
HPRegen 0.31/turn    n - +5 ring of evasion
MPRegen 0.14/turn

%: no passive effects
@: glowing
A: sickness immunity, AC +8, negative energy resistance 1, electricity
resistance, torment resistance 1, petrification resistance, shaggy fur 1,
teleportitis 1
a: Renounce Religion, Divine Shield


You were on level 11 of the Dungeon.
You worshipped the Shining One.
The Shining One was pleased with you.
You visited 3 branches of the dungeon, and saw 13 of its levels.

You collected 670 gold pieces.
You spent 117 gold pieces at shops.

Inventory:

Hand Weapons
 a - a +0 mace (weapon)
 v - a +2 flail of holy wrath
 E - a +4 mace
 F - a +3 mace of freezing
Missiles
 r - 2 throwing nets (quivered)
Armour
 b - a +0 robe
 d - an orb of light (worn)
 k - a +0 chain mail (worn)
 p - a +2 robe of willpower
 q - a +0 pair of gloves (worn)
 M - a scarf of resistance (worn)
Jewellery
 n - a +5 ring of evasion (right hand)
 u - a ring of wizardry
 J - a ring of willpower (left hand)
Wands
 A - a wand of acid (20)
 G - a wand of polymorph (7)
 O - a wand of paralysis (5)
Scrolls
 i - 4 scrolls of immolation
 j - 4 scrolls of enchant armour
 m - a scroll of amnesia {unknown}
 s - a scroll of silence
 w - a scroll of noise
 x - 2 scrolls of poison
 y - a scroll of fog
 B - 2 scrolls of butterflies {unknown}
 D - 3 scrolls of enchant weapon
 K - 3 scrolls of magic mapping
Potions
 e - 2 potions of attraction
 h - 3 potions of flight
 t - 2 potions of degeneration


   Skills:
 + Level 9.0 Fighting
 + Level 13.1 Maces & Flails
 + Level 6.1 Armour
 + Level 7.0 Dodging
 + Level 4.0 Shields
 + Level 4.9 Invocations


You had 10 spell levels left.
You didn't know any spells.
Your spell library contained the following spells:

 Spells                   Type           Power      Damage    Failure   Level
 Apportation              Tloc           0%         N/A       95%         1
 Necrotise                Necr           0%         1d4       95%         1
 Summon Small Mammal      Summ           0%         N/A       95%         1
 Frozen Ramparts          Ice            0%         1d1       100%        3
 Ice Form                 Ice/Tmut       0%         N/A       100%        4
 Leda's Liquefaction      Hex/Erth       0%         N/A       100%        4
 Summon Ice Beast         Ice/Summ       0%         N/A       100%        4
 Lee's Rapid Deconstruct  Erth           0%         3d4*      100%        5
 Statue Form              Tmut/Erth      Unusable   N/A       N/A         6

Dungeon Overview and Level Annotations

Branches:
Dungeon (11/15)            Temple (1/1) D:4            Lair (1/5) D:9
    Orc: D:9-12

Altars:
Ashenzari
Cheibriados
Dithmenos
Elyvilon
Fedhas
Gozag
Hepliaklqana
Kikubaaqudgha
Makhleb
Nemelex Xobeh
Qazlal
Sif Muna
Uskayaw
Vehumet
Wu Jian
Xom
The Shining One

Shops:
D:3 !   D:11 :


Innate Abilities, Weirdness & Mutations

You are immune to sickness and miasma.
Your stone body is resilient. (AC +8)
You are immune to poison.
You resist negative energy. (rN+)
You are resistant to electric shocks. (rElec)
You are resistant to unholy torment.
You are immune to petrification.
You are covered in fur. (AC +1)
You are occasionally teleported next to monsters.


Message History

The troll bites you. The troll closely misses you. x2
You hit the troll.
The troll is heavily wounded.
The troll misses you. The troll barely misses you. The troll claws you.
You hit the troll.
The troll is heavily wounded.
You hit the troll but do no damage.
The troll is heavily wounded.
The troll closely misses you. The troll claws you. The troll barely misses you.
You barely miss the troll.
The troll is heavily wounded.
The troll bites you. The troll misses you. x2
You barely miss the troll.
The troll is moderately wounded.
You sock the troll!
The troll is severely wounded.
The troll bites you!
* * * LOW HITPOINT WARNING * * *
The troll closely misses you. The troll claws you but does no damage.
You completely miss the troll.
The troll is severely wounded.
The troll bites you but does no damage. The troll barely misses you.
The troll closely misses you.
You barely miss the troll.
The troll is severely wounded.
The troll bites you but does no damage. The troll closely misses you.
The troll claws you!
* * * LOW HITPOINT WARNING * * *
You hit the troll but do no damage.
The troll is severely wounded.
You hit the troll.
The troll is severely wounded.
The troll barely misses you. The troll claws you.
* * * LOW HITPOINT WARNING * * *
The troll claws you.
* * * LOW HITPOINT WARNING * * *
As you read the scroll of fear, it crumbles to dust.
You assume a fearsome visage.
The troll easily resists.
The troll closely misses you. The troll claws you.
You die...

#####.##.###..#<.####
#♣♣.♣ #.##.# #..#..#
#≈C~. #.##.# #..#..#
♣P~♣#.##.# #..#..#
♣♣♣~#..#.# #..#>.#
♣.C♣#....# #..#..#
♣♣~.♣#.##.# #.....#
#.♣#♣~♣♣♣#.##.#
#.....# ♣...~.~T@.##.#
#..##.#
#.♣#~≈~.~#....#
#..##.####
#♣~♣♣~#.#..#
#..##.^...
♣♣♣♣~#.##.###..##)....
♣~#.##......##.####
~♣#.##......##.# .
#.....##..##.# ♣ .♣
#.....##..##.# #.####
#######.....##..##.#


You could see a troll.

Vanquished Creatures
  A centaur warrior (D:11)
  3 two-headed ogres
  Pikel (D:4)
  2 manticores
  A cyclops (D:11)
  A gargoyle (D:11)
  Psyche (D:9)
  A komodo dragon (D:7)
  An unseen horror (D:11)
  A troll (D:11)
  A hornet (D:8)
  Prince Ribbit (D:6)
  A shadow (D:11)
  A wyvern (D:9)
  A vampire mosquito (D:11)
  10 yaks
  7 water moccasins
  4 orc warriors
  A sky beast (D:7)
  A black bear (D:6)
  An ogre (D:5)
  6 centaurs
  4 wolves (Lair:1)
  2 kobold brigands (D:9)
  Blork the orc (D:4)
  3 bullfrogs (Lair:1)
  A gnoll sergeant (D:9)
  4 scorpions
  10 wights (D:8)
  9 killer bees
  A howler monkey (D:11)
  A hound (D:6)
  5 orc priests
  4 jellies
  2 sleepcaps
  5 iguanas
  Natasha (twice) (D:4)
  A gnoll bouda (D:5)
  5 orc wizards
  9 gnolls
  8 adders
  2 shadow imps
  2 white imps
  3 worms
  24 orcs
  10 bats
  4 endoplasms
  3 giant cockroaches
  5 goblins
  7 hobgoblins
  9 kobolds
  A quokka (D:2)
  7 ball pythons
  6 frilled lizards
  7 rats
215 creatures vanquished.

Notes
Turn   | Place    | Note
-------+----------+-------------------------------------------
     0 | D:1      | Sheepclothes the Gargoyle Monk began the quest for the Orb.
     0 | D:1      | Reached XP level 1. HP: 14/14 MP: 1/1
   173 | D:1      | Reached XP level 2. HP: 19/19 MP: 2/2
   659 | D:2      | Reached XP level 3. HP: 20/24 MP: 3/3
  1137 | D:2      | Reached skill level 4 in Maces & Flails
  1363 | D:3      | Found a faded altar of an unknown god.
  1386 | D:3      | Reached XP level 4. HP: 28/29 MP: 4/4
  1425 | D:3      | Found an ancient bone altar of Kikubaaqudgha.
  1516 | D:3      | Found Yxonn's Distillery.
  1712 | D:3      | Found a shimmering blue altar of Sif Muna.
  1921 | D:3      | Reached XP level 5. HP: 14/33 MP: 5/5
  2237 | D:3      | Bought a potion of might for 52 gold pieces
  2237 | D:3      | Bought a potion of heal wounds for 65 gold pieces
  2447 | D:4      | Found a staircase to the Ecumenical Temple.
  2450 | D:4      | Noticed Blork the orc
  2461 | D:4      | Killed Blork the orc
  2462 | D:4      | Reached skill level 5 in Maces & Flails
  2474 | Temple   | Entered the Ecumenical Temple
  2474 | Temple   | Noticed a Hell Sentinel
  2474 | Temple   | Noticed a reaper
  2475 | Temple   | Noticed Hoihepp the pandemonium lord
  2475 | Temple   | Noticed an orange demon
  2475 | Temple   | Noticed Mamyon the pandemonium lord
  2475 | Temple   | Noticed a Brimstone Fiend
  2515 | Temple   | Noticed a balrug
  2516 | Temple   | Noticed Wukhlyat the pandemonium lord
  2532 | Temple   | Noticed a cacodemon
  2532 | Temple   | Noticed Erhezon the pandemonium lord
  2533 | Temple   | Noticed a green death
  2550 | Temple   | Noticed a hellwing
  2557 | Temple   | Noticed a lorocyproca
  2562 | Temple   | Noticed Dutal the pandemonium lord
  2563 | Temple   | Noticed a hellwing
  2587 | Temple   | Became a worshipper of the Shining One
  2587 | Temple   | Reached * piety under the Shining One
  2587 | Temple   | Reached ** piety under the Shining One
  2666 | D:4      | Reached XP level 6. HP: 27/39 MP: 6/6
  2736 | D:4      | Noticed Pikel
  2755 | D:4      | Killed Pikel
  2756 | D:4      | Reached skill level 7 in Maces & Flails
  2756 | D:4      | Reached XP level 7. HP: 41/44 MP: 4/7
  2859 | D:4      | Reached skill level 5 in Fighting
  3056 | D:4      | Noticed Natasha
  3064 | D:4      | Killed Natasha
  3169 | D:4      | Noticed Natasha
  3192 | D:4      | Killed Natasha
  3193 | D:4      | Reached skill level 1 in Invocations
  3193 | D:4      | Reached XP level 8. HP: 22/49 MP: 8/8
  3346 | D:5      | Entered Level 5 of the Dungeon
  4430 | D:6      | Reached skill level 8 in Maces & Flails
  4930 | D:6      | Noticed Prince Ribbit
  4943 | D:6      | Killed Prince Ribbit
  4944 | D:6      | Reached XP level 9. HP: 47/54 MP: 11/11
  5085 | D:6      | Reached skill level 9 in Maces & Flails
  5300 | D:6      | Reached skill level 5 in Dodging
  5763 | D:7      | Noticed a komodo dragon
  5786 | D:7      | Reached skill level 1 in Shields
  5806 | D:7      | Killed a komodo dragon
  6323 | D:8      | Reached skill level 10 in Maces & Flails
  6391 | D:8      | Found an opulent altar of Gozag.
  6495 | D:8      | Found a snail-covered altar of Cheibriados.
  7067 | D:8      | Noticed a two-headed ogre
  7081 | D:8      | Killed a two-headed ogre
  7082 | D:8      | Reached XP level 10. HP: 63/63 MP: 12/12
  7142 | D:8      | Reached skill level 11 in Maces & Flails
  7318 | D:8      | Found an ornate altar of the Wu Jian Council.
  7571 | D:9      | Noticed Psyche
  7582 | D:9      | Noticed a manticore
  7586 | D:9      | Killed Psyche
  7598 | D:9      | The Shining One protects you from harm!
  7622 | D:9      | HP: 3/63 [gnoll/+0 halberd[a gnoll sergeant] (5)]
  7622 | D:9      | HP: 1/63 [gnoll/+0 whip[a gnoll sergeant] (2)]
  7839 | D:9      | Killed a manticore
  8323 | D:9      | Found a staircase to the Lair.
  8745 | Lair:1   | Entered Level 1 of the Lair of Beasts
  8852 | Lair:1   | Reached skill level 1 in Armour
  8970 | Lair:1   | Reached *** piety under the Shining One
  9908 | D:9      | Reached skill level 12 in Maces & Flails
  9915 | D:9      | Reached XP level 11. HP: 48/68 MP: 11/13
 10435 | D:10     | Entered Level 10 of the Dungeon
 10567 | D:10     | Found a shimmering altar of Xom.
 10605 | D:10     | Noticed a two-headed ogre
 10630 | D:10     | The Shining One protects you from harm!
 10632 | D:10     | Killed a two-headed ogre
 11228 | D:10     | Noticed a two-headed ogre
 11252 | D:10     | Killed a two-headed ogre
 11515 | D:10     | Found a burning altar of Makhleb.
 11515 | D:10     | Noticed a green death
 11804 | D:11     | Noticed a centaur warrior
 11830 | D:11     | Killed a centaur warrior
 11845 | D:11     | Noticed a boulder beetle
 11846 | D:11     | Noticed an ogre mage
 12058 | D:11     | Found Fontamp's Book Boutique.
 12205 | D:11     | Found a broken altar of Ashenzari.
 12209 | D:11     | Reached skill level 5 in Armour
 12216 | D:11     | Gained mutation: You are covered in fur. (AC +1) [potion of
                  | mutation]
 12216 | D:11     | Gained mutation: You are occasionally teleported next to
                  | monsters. [potion of mutation]
 12467 | D:11     | Noticed a manticore
 12487 | D:11     | Killed a manticore
 12687 | D:11     | Reached skill level 13 in Maces & Flails
 12727 | D:11     | HP: 1/69 [troll (8)]
 12885 | D:11     | Noticed a centaur warrior
 12893 | D:11     | Noticed a cyclops
 12944 | D:11     | The Shining One protects you from harm!
 13363 | D:11     | The Shining One protects you from harm!
 13364 | D:11     | Killed a cyclops
 13539 | D:11     | Slain by a troll

Illustrated notes

Levels and vault maps discovered:
D:1:      minmay_arrival_three_doors, layout_loops_cross
D:2:      layout_loops_cross
D:3:      layout_basic, mainiacjoe_overflow_paths, kiku_gazebo_pond_becter,
          serial_shops, nicolae_shop_advertising_works
          [nicolae_subvault_shop_adworks], nicolae_ecumenical_pavilion
D:4:      layout_basic, minmay_temple_entry_purple_smoke, uniq_natasha,
          uniq_pikel, uniq_blork_the_orc
D:5:      layout_basic
D:6:      layout_loops_corners, cheibrodos_sewer_entry_bend,
          grunt_decor_arrowhead, uniq_prince_ribbit1
D:7:      layout_basic, minmay_lizard_king
D:8:      layout_gridville, amcnicky_altar_gilded, mainiacjoe_overflow_24_doors,
          pdpol_wu_jian_five_deadly_venoms, kennysheep_flooded_box
D:9:      layout_basic, lair_entry_dummy, uniq_psyche
D:10:     layout_cave_pods, makhleb_altar_promises_db, kennysheep_mini
D:11:     nzn_winding_woodlands_cross
          [nzn_winding_woodlands_5x15_river_crossing,
          nzn_winding_woodlands_5x15_crooked, nzn_winding_woodlands_5x15_twine,
          nzn_winding_woodlands_5x15_lazy_stream,
          nzn_winding_woodlands_15x15_five_gardens], layout_long_grid,
          serial_shops, shop, minivault_27, evilmike_ruin_ashenzari
Temple:   nicolae_temple_panitentiary
Lair:1:   layout_concentric_octagons, infiniplex_staircase_pool

Skill      XL: |  1  2  3  4  5  6  7  8  9 10 11 |
---------------+----------------------------------+-----
Maces & Flails | 4 5 7 8 10 12 13 | 13.1
Fighting       | 4 5 7 8 9 |  9.0
Dodging        | 3 4 5 6 7 |  7.0
Invocations    | 1 3 4 |  4.9
Shields        | 2 3 4 |  4.0
Armour         | 2 6 |  6.1

Action                     |  1- 3 |  4- 6 |  7- 9 | 10-12 || total
---------------------------+-------+-------+-------+-------++-------
  Melee: Mace              |    99 |    74 |    97 |   264 ||   534
         Flail             |       |       |   212 |   308 ||   520
 Invoke: Divine Shield     |       |     1 |     4 |    11 ||    16
         Cleansing Flame   |       |       |       |     4 ||     4
  Evoke: Wand              |       |       |       |     2 ||     2
    Use: Potion            |       |     2 |     2 |    18 ||    22
         Scroll            |       |       |     7 |    19 ||    26
 Armour: Robe              |    34 |    18 |    61 |    32 ||   145
         Chain mail        |       |       |       |   226 ||   226
         Skin              |       |       |       |    15 ||    15
  Dodge: Dodged            |   108 |    58 |   280 |   454 ||   900
  Block: Orb               |       |     4 |    36 |    89 ||   129
